 Dungeon Crawl Stone Soup version 0.31-a0-152-g6aa68a64a1 (webtiles) character file.

Game seed: 6203664641897347570

311 qw the Shooter (level 6, -3/52 HPs)
             Began as a Minotaur Hunter on June 9, 2023.
             Slain by Duvessa
             ... wielding a +4 rapier of freezing
              (15 damage)
             ... on level 4 of the Dungeon.
             The game lasted 00:01:10 (2809 turns).

qw the Shooter (Minotaur Hunter)                    Turns: 2809, Time: 00:01:10

Health: -3/52      AC:  6    Str: 16    XL:     6   Next: 18%
Magic:  5/5        EV: 11    Int:  6    God:
Gold:   145        SH:  0    Dex: 15    Spells: 5/5 levels left

rFire   . . .        Y - +0 shortbow
rCold   . . .        (shield currently unavailable)
rNeg    . . .        g - +0 ring mail
rPois   .            (helmet restricted)
rElec   .            (no cloak)
rCorr   .            (no gloves)
SInv    .            c - +0 pair of boots
Will    .....        (no amulet)
Stlth   +            (no ring)
HPRegen 0.28/turn    (no ring)
MPRegen 0.09/turn

%: no passive effects
@: lit by a corona, about to teleport, glowing
A: horns 2, retaliatory headbutt
a: no special abilities


You were on level 4 of the Dungeon.
You visited 1 branch of the dungeon, and saw 4 of its levels.

You collected 145 gold pieces.


Innate Abilities, Weirdness & Mutations

You have a pair of horns on your head.
You reflexively headbutt those who attack you in melee.


   Skills:
 - Level 4.0 Fighting
 + Level 7.6 Ranged Weapons
 - Level 1.0 Armour
 - Level 2.1 Dodging
 - Level 0.7 Stealth


You had 5 spell levels left.
You didn't know any spells.
Your spell library was empty.

Inventory:

Hand Weapons
 Y - a +0 shortbow (weapon)
Armour
 c - a +0 pair of boots (worn)
 g - a +0 ring mail (worn)
Scrolls
 a - a scroll of teleportation
 d - 2 scrolls of identify
 j - 2 scrolls of brand weapon {unknown}
Potions
 b - a potion of brilliance {unknown}
 e - a potion of haste
 f - a potion of berserk rage {unknown}
 h - a potion of degeneration {unknown}
 i - a potion of enlightenment {unknown}

Dungeon Overview and Level Annotations

Branches:
Dungeon (4/15)
 Temple: D:4-7

Altars:
Cheibriados
Hepliaklqana
Ru
Trog
Uskayaw
Zin

Shops:
D:1 *

Annotations:
D:4 Duvessa


Message History

Enter note: You shoot an arrow.
The arrow hits Dowan.
Dowan is lightly wounded.
Duvessa, Sister of Dowan comes into view.
She is wielding a +4 rapier of freezing.
You shoot an arrow.
Duvessa shouts!
The arrow hits Dowan.
Dowan is lightly wounded.
You shoot an arrow. The arrow barely misses Dowan.
Dowan points at you and mumbles some strange words.
You resist with some effort.
You shoot an arrow.
The arrow hits Dowan but does no damage.
Dowan is lightly wounded.
Dowan casts a spell at you.
You are outlined in light.
You shoot an arrow. The arrow closely misses Dowan.
You shoot an arrow. The arrow hits Dowan!
Dowan is heavily wounded.
You shoot an arrow. The arrow hits Dowan.
Dowan is severely wounded.
Dowan hisses, "Insulting my beauty only makes me fight harder!"
Dowan closely misses you. Duvessa hits you but does no damage.
You shoot an arrow. The arrow hits Dowan!
You kill Dowan!
Duvessa weeps, and shakes her weapon.
Duvessa goes berserk!
Duvessa hits you with a +4 rapier of freezing!
Duvessa freezes you!
Duvessa hits you with a +4 rapier of freezing!
Duvessa freezes you.
You have reached level 6!
2808 ||| READING 2 scrolls of teleportation.
As you read the scroll of teleportation, it crumbles to dust.
You feel strangely unstable. Duvessa closely misses you.
Duvessa barely misses you.
You shoot an arrow.
The arrow hits Duvessa but does no damage.
Duvessa hits you with a +4 rapier of freezing!
You die...

...# #.##[.#
..#.. ..... .##
#.#.# ....
#.#.#
..#.##.#)#####
.....#..@e...#
.....%...#....#
.....#..##
....# ###. #%##
.... #..## ..#
#...# #...# .#
#...# #.### #
#...# ##.#
#...# #..#


You could see Duvessa (berserk).

Vanquished Creatures
  Dowan (D:4)
  Natasha (thrice) (D:3)
  5 gnolls
  5 adders
  A dart slug (D:3)
  2 orcs (D:3)
  6 ball pythons
  9 bats
  8 endoplasms
  6 giant cockroaches
  6 goblins
  8 hobgoblins
  3 jackals (D:1)
  12 kobolds
  4 quokkas
  4 frilled lizards
  7 rats
90 creatures vanquished.

Notes
Turn   | Place    | Note
-------+----------+-------------------------------------------
     0 | D:1      | qw the Minotaur Hunter began the quest for the Orb.
     0 | D:1      | Reached XP level 1. HP: 18/18 MP: 0/0
     0 | D:1      | 0 ||| qw: Version: 0.2-a-122-gbc61b45
     0 | D:1      | 0 ||| qw: Game counter: 3305
     0 | D:1      | 0 ||| qw: Always use a shield: true
     0 | D:1      | 0 ||| qw: God list: Okawaru
     0 | D:1      | 0 ||| qw: Allow faded altars: false
     0 | D:1      | 0 ||| qw: Do Orc after D:15 true
     0 | D:1      | 0 ||| qw: Do second Lair branch before Depths: true
     0 | D:1      | 0 ||| qw: Lair rune preference: random
     0 | D:1      | 0 ||| qw: Plans: Normal
     0 | D:1      | 0 ||| PLANNING D:1-11
    71 | D:1      | Reached XP level 2. HP: 25/25 MP: 1/1
    89 | D:1      | Reached skill level 5 in Ranged Weapons
   115 | D:1      | Found Rikky's General Store.
   119 | D:1      | 119 ||| SHOPLISTING +0 ring mail (48 gold, have 0).
   119 | D:1      | 119 ||| SHOPLISTING amulet of reflection (360 gold, have
                  | 0).
   119 | D:1      | 119 ||| SHOPLISTING scroll of identify (24 gold, have 0).
   119 | D:1      | 119 ||| SHOPLISTING scroll of teleportation (36 gold, have
                  | 0).
   177 | D:1      | 177 ||| FLEEEEING.
   213 | D:1      | You fall into a shaft and drop 1 floor!
   244 | D:2      | Found a snail-covered altar of Cheibriados.
   252 | D:2      | Reached skill level 3 in Fighting
   373 | D:2      | Reached XP level 3. HP: 26/31 MP: 2/2
   436 | D:2      | 436 ||| UPGRADING to +0 ring mail.
   446 | D:2      | 446 ||| DROPPING +0 leather armour.
   447 | D:2      | 447 ||| READING scroll labelled FEUSAL MU GIF.
   448 | D:2      | 448 ||| READING 2 scrolls labelled ROD XITEHYKLIKH.
   449 | D:2      | 449 ||| DRINKING 2 yellow potions.
   450 | D:2      | 450 ||| DROPPING scroll of butterflies.
   451 | D:2      | 451 ||| DROPPING scroll of magic mapping.
   605 | D:1      | Reached skill level 1 in Armour
   960 | D:1      | 960 ||| READING 2 scrolls labelled EPLIR IMOIRORR.
   963 | D:1      | 963 ||| READING scroll labelled GOSCHITUNAN.
  1005 | D:2      | 1005 ||| STAIRDANCE
  1011 | D:1      | Reached XP level 4. HP: 18/38 MP: 3/3
  1090 | D:2      | 1090 ||| STAIRDANCE
  1163 | D:2      | 1163 ||| STAIRDANCE
  1169 | D:1      | Reached skill level 6 in Ranged Weapons
  1695 | D:2      | 1695 ||| READING scroll labelled ONLAOG ONE DIE.
  1768 | D:2      | 1768 ||| READING scroll labelled JEENOYB OSOU.
  1769 | D:2      | 1769 ||| DRINKING 2 inky potions.
  1809 | D:2      | 1809 ||| DROPPING potion of lignification.
  1990 | D:3      | Found a bloodstained altar of Trog.
  2146 | D:3      | Reached XP level 5. HP: 46/46 MP: 4/4
  2239 | D:3      | Found a faded altar of an unknown god.
  2313 | D:3      | Noticed Natasha
  2316 | D:3      | Killed Natasha
  2366 | D:3      | Noticed Natasha
  2371 | D:3      | Killed Natasha
  2372 | D:3      | Reached skill level 7 in Ranged Weapons
  2451 | D:3      | Noticed Natasha
  2461 | D:3      | Killed Natasha
  2656 | D:3      | 2656 ||| UPGRADING to +0 pair of boots.
  2686 | D:4      | 2686 ||| PLANNING OSSUARY
  2696 | D:4      | Found a hide-covered altar of Uskayaw.
  2696 | D:4      | Found a sacrificial altar of Ru.
  2704 | D:4      | Found a faded altar of an unknown god.
  2706 | D:4      | Found a glowing silver altar of Zin.
  2708 | D:4      | Found a hazy altar of Hepliaklqana.
  2770 | D:4      | Identified the +0 battleaxe "Rumyxtejuu" {pain, Str+2
                  | Int+5}
  2799 | D:4      | Noticed Dowan
  2800 | D:4      | Noticed Duvessa
  2807 | D:4      | Killed Dowan
  2807 | D:4      | HP: 10/46 [Duvessa/+4 rapier of freezing (3)]
  2808 | D:4      | Reached XP level 6. HP: 11/52 MP: 5/5
  2808 | D:4      | 2808 ||| READING 2 scrolls of teleportation.
  2809 | D:4      | Slain by Duvessa

Levels and vault maps discovered:
D:1:      wander_arrival_abandoned_jail, layout_loops_ring, serial_shops, shop
D:2:      layout_loops_ring, basic_altar, minmay_door_square
D:3:      layout_loops_cross, nicolae_overflow_crystal_walls,
          hellmonk_ecumenical_altar_slurped_away, st_stairs_10, uniq_natasha
D:4:      layout_loops_cross, chequers_temple_overflow_minitemple,
          grunt_gozag_statues, lightli_ossuary_entry_decrepit_ruins,
          serial_park_tiny_pond, uniq_eustachio, uniq_duvessa,
          uniq_crazy_yiuf_cottage

Skill      XL: |  1  2  3  4  5 |
---------------+----------------+-----
Ranged Weapons | 5 6 7 |  7.6
Fighting       | 3 4 |  4.0
Armour         | 1 |  1.0
Dodging        | |  2.1
Stealth        | |  0.7

Action                     |  1- 3 |  4- 6 || total
---------------------------+-------+-------++-------
   Fire: Shortbow          |   138 |   152 ||   290
    Use: Scroll            |     4 |     3 ||     7
         Potion            |     1 |     1 ||     2
 Armour: Leather armour    |    12 |       ||    12
         Ring mail         |     7 |    20 ||    27
  Dodge: Dodged            |    49 |    68 ||   117

Table legend:
 A = Non-vault XP
 B = Vault XP
 C = Vault XP percentage of total XP
 D = Non-vault monster count
 E = Vault monster count
 F = Vault count percentage of total count
                 A         B        C        D         E       F
            +---------+---------+-------+---------+---------+-------
      Total |     318 |     127 |  28.5 |      84 |       6 |   6.7
            +---------+---------+-------+---------+---------+-------
        D:1 |     101 |       0 |   0.0 |      37 |       0 |   0.0
        D:2 |      74 |       0 |   0.0 |      24 |       0 |   0.0
        D:3 |     128 |      55 |  30.1 |      21 |       5 |  19.2
        D:4 |      15 |      72 |  82.8 |       2 |       1 |  33.3
            +---------+---------+-------+---------+---------+-------
